 Dungeon Crawl Stone Soup version 0.18-a0-1405-g73f4075 (webtiles) character file.

597 Kidiri the Magician (level 7, -10/39 HPs)
             Began as a Deep Elf Fire Elementalist on Feb 24, 2016.
             Killed from afar by yogakurto's ghost (22 damage)
             ... with a bolt of negative energy
             ... on level 4 of the Dungeon.
             The game lasted 00:13:27 (4799 turns).

Kidiri the Magician (Deep Elf Fire Elementalist)    Turns: 4799, Time: 00:13:27

Health: -10/39     AC:  4    Str:  5    XL:     7   Next: 17%
Magic:  8/17       EV: 13    Int: 22    God:
Gold:   192        SH:  0    Dex: 15    Spells: 5 memorised, 4 levels left

rFire  + . .     SeeInvis .     g - +3 dagger (venom)
rCold  . . .     Gourm    .     a - +0 robe
rNeg   . . .     Faith    .     (no shield)
rPois  .         Spirit   .     j - +1 helmet
rElec  .         Dismiss  .     (no cloak)
rCorr  .         Reflect  .     (no gloves)
SustAt .         Harm     .     (no boots)
MR     .....                    (no amulet)
Stlth  +++.......               k - ring of wizardry
                                e - ring of stealth

@: lethally poisoned (-10 -> -13), drained, not resistant to hostile
enchantments, fairly stealthy
A: fire resistance 1
a: no special abilities


You were on level 4 of the Dungeon.
You were not hungry.

You visited 1 branch of the dungeon, and saw 4 of its levels.

You collected 192 gold pieces.

Inventory:

Hand Weapons
 g - a +3 dagger of venom (weapon)
Armour
 a - a +0 robe (worn)
 j - a +1 helmet (worn)
Jewellery
 e - a ring of stealth (left hand)
 k - a ring of wizardry (right hand)
Scrolls
 i - 2 scrolls of remove curse
Potions
 f - 6 potions of lignification
 n - a potion of invisibility
Books
 b - a book of Flames

   Spells                             Type                      Level
   a - Flame Tongue                   Conjuration/Fire             1
   b - Throw Flame                    Conjuration/Fire             2
   c - Conjure Flame                  Conjuration/Fire             3
   d - Inner Flame                    Hexes/Fire                   3
   e - Sticky Flame                   Conjuration/Fire             4
   f - Fireball                       Conjuration/Fire             5
Comestibles
 c - 4 bread rations


   Skills:
 + Level 1.7(0.7) Fighting
 + Level 4.6(3.5) Dodging
 + Level 4.0(3.0) Stealth
 * Level 5.9(4.7) Spellcasting
 + Level 2.9(1.9) Conjurations
 + Level 3.1(2.1) Hexes
 + Level 4.2(3.2) Fire Magic


You had 4 spell levels left.
You knew the following spells:

 Your Spells              Type           Power        Failure   Level  Hunger
a - Flame Tongue          Conj/Fire      ###..        1%          1    None
b - Throw Flame           Conj/Fire      ###...       3%          2    None
c - Conjure Flame         Conj/Fire      ###.....     4%          3    ##.....
d - Inner Flame           Hex/Fire       ###.....     4%          3    ##.....
e - Sticky Flame          Conj/Fire      ###.....     16%         4    ####...


Dungeon Overview and Level Annotations

Branches:
Dungeon (4/15)
 Temple: D:4-7

Altars:

Shops:
D:4 }

Annotations:
D:4 Dowan; Duvessa; yogakurto's ghost, novice DrCK


Innate Abilities, Weirdness & Mutations

Your flesh is heat resistant.


Message History

Yogakurto's ghost is lightly damaged.
You feel sick.
Yogakurto's ghost hits you but does no damage.
You are more poisoned.
Drink which item? (? for menu, Esc to quit)
You feel better. Yogakurto's ghost hits you.
You are poisoned.
Unknown command.
You feel sick.
You feel sick.
You feel sick.
You feel sick.
Yogakurto's ghost breathes negative energy at you.
The bolt of negative energy misses you.
You feel sick.
You feel sick.
Yogakurto's ghost breathes negative energy at you.
The bolt of negative energy hits you!
You feel drained.
Ouch! That really hurt!
You die...

............ #.....#
...........#########....#
...........##.....##...## ####
..................##...#######...
.................................
.................................
...........# .....##........##...
...........#####'###........##...
................@..W........#....
..............###.###.......#....
.............. #.# #.......'....
....†......... #.# #.......##...
.............. ... #.......#####
...........##. ... #........
...........# ##### .......
............. .............


You could see yogakurto's ghost.

Vanquished Creatures
  Sigmund (D:4)
  The ghost of glau the Skirmisher, an amateur MfAK of Lugonu (D:3)
  A scorpion (D:4)
  2 orc priests (D:4)
  2 iguanas (D:4)
  An orc wizard (D:4)
  7 adders
  4 oozes
  4 worms
  A dart slug (D:1)
  A giant gecko (D:4)
  8 orcs
  A ball python (D:2)
  4 bats
  4 giant cockroaches
  6 goblins
  2 hobgoblins
  6 jackals
  2 quokkas
  A giant gecko skeleton (D:3)
  A giant newt (D:3)
  5 kobolds
  14 rats
79 creatures vanquished.

Notes
Turn   | Place    | Note
--------------------------------------------------------------
     0 | D:1      | Kidiri the Deep Elf Fire Elementalist began the quest for the Orb.
     0 | D:1      | Reached XP level 1. HP: 10/10 MP: 6/6
     1 | D:1      | Found a runed door.
   302 | D:1      | Reached XP level 2. HP: 15/15 MP: 4/8
   306 | D:1      | Learned a level 2 spell: Throw Flame
   673 | D:1      | Reached XP level 3. HP: 7/19 MP: 0/10
   694 | D:1      | Learned a level 3 spell: Conjure Flame
   698 | D:1      | Learned a level 3 spell: Inner Flame
  1273 | D:2      | Reached skill level 1 in Hexes
  1401 | D:2      | Reached skill level 4 in Spellcasting
  1401 | D:2      | Reached XP level 4. HP: 16/24 MP: 1/12
  3133 | D:3      | Reached XP level 5. HP: 26/28 MP: 5/13
  3304 | D:3      | Noticed glau's ghost (amateur MfAK)
  3568 | D:3      | Killed glau's ghost
  3568 | D:3      | Reached skill level 1 in Fighting
  3663 | D:3      | Learned a level 4 spell: Sticky Flame
  3675 | D:4      | Found Vucem's Gadget Shop.
  3678 | D:4      | Reached skill level 5 in Spellcasting
  3780 | D:3      | Reached XP level 6. HP: 17/34 MP: 13/15
  3974 | D:4      | Noticed yogakurto's ghost (novice DrCK)
  4137 | D:4      | Noticed Dowan
  4144 | D:4      | Noticed Sigmund
  4144 | D:4      | Noticed Duvessa
  4653 | D:4      | Killed Sigmund
  4653 | D:4      | Reached XP level 7. HP: 25/39 MP: 7/17
  4657 | D:4      | Gained mutation: Your flesh is heat resistant. [potion of beneficial mutation]
  4799 | D:4      | Killed from afar by yogakurto's ghost

Vault maps used:
D:1:      dpeg_arrival_caged_fury, serial_forest,
          infiniplex_forest_lined_room_2, infiniplex_forest_lined_1,
          infiniplex_forest_clump_double, infiniplex_forest_lined_2,
          infiniplex_forest_clump_diagonal, infiniplex_forest_straight_4,
          infiniplex_forest_straight_4
D:2:      first_bread
D:3:      minmay_misc_feat_tower, minmay_splitting_lines
D:4:      enter_ossuary_4, serial_shops, shop, uniq_sigmund, uniq_natasha,
          uniq_duvessa, uniq_pikel

Skill      XL: |  1  2  3  4  5  6 |
---------------+-------------------+-----
Dodging        | 3 4 |  4.6
Conjurations   | 2 |  2.9
Hexes          | 1 2 3 |  3.1
Spellcasting   | 4 5 |  5.9
Stealth        | 3 4 |  4.0
Fighting       | 1 |  1.7
Fire Magic     | 4 |  4.2

Action                   |  1- 3 |  4- 6 |  7- 9 || total
-------------------------+-------+-------+-------++-------
Melee: Unarmed           |     1 |       |       ||     1
       Club              |     1 |       |       ||     1
       Dagger            |    40 |    27 |       ||    67
 Cast: Flame Tongue      |    51 |    73 |     3 ||   127
       Throw Flame       |     7 |    29 |       ||    36
       Conjure Flame     |       |     1 |       ||     1
       Inner Flame       |       |     1 |       ||     1
       Sticky Flame      |       |     2 |     2 ||     4
  Use: Scroll            |     3 |     7 |     1 ||    11
       Potion            |       |     4 |     2 ||     6
 Stab: Sleeping          |     1 |     3 |       ||     4
  Eat: Chunk             |     2 |     1 |       ||     3
       Meat ration       |       |     2 |       ||     2
       Fruit             |       |     3 |       ||     3
